 Dungeon Crawl Stone Soup version bcrawl-1.40.3b (webtiles) character file.

Game seed: 3329490801136870511

109194 iceDog the Covered (level 4, -5/40 HPs)
             Began as a Minotaur Fighter on Feb 10, 2024.
             Slain by Natasha (8 damage)
             ... on level 3 of the Dungeon.
             The game lasted 00:03:59 (2042 turns).

iceDog the Covered (Minotaur Fighter)               Turns: 2042, Time: 00:03:59

Health: -5/40      AC:  7    Str: 22    XL:     4   Next: 1%
Magic:  3/3        EV:  6    Int:  5    God:
Gold:   122        SH:  9    Dex:  9    Spells: 3/3 levels left

rFire    . . .     GDR:     25% a - +0 war axe
rCold    . . .     SeeInvis .   c - +0 medium shield
rNeg     . . .     Gourm    .   b - +0 scale mail
rPois    .         Faith    .   (helmet restricted)
rElec    .         Spirit   .   (no cloak)
rCorr    +         Reflect  .   (no gloves)
MR       .....                  (no boots)
Stlth    ..........             (no amulet)
HPRegen  0.16/turn              f - ring of resist corrosion
MPRegen  0.08/turn              (no ring)

@: slowed, very slow
A: retaliatory headbutt, horns 2
a: no special abilities


You were on level 3 of the Dungeon.
You were hungry.

You visited 1 branch of the dungeon, and saw 3 of its levels.

You collected 122 gold pieces.

Inventory:

Hand Weapons
 a - a +0 war axe (weapon)
 n - a +0 trident
Missiles
 j - 338 bolts
Armour
 b - a +0 scale mail (worn)
 c - a +0 medium shield (worn)
Jewellery
 f - a ring of resist corrosion (left hand)
 o - a cursed amulet of inaccuracy {unknown}
Scrolls
 g - 3 scrolls of remove curse {unknown}
 i - 3 scrolls of identify
 k - 2 scrolls of enchant weapon {unknown}
 m - 2 scrolls of teleportation {unknown}
Potions
 d - a potion of might
 h - a potion of invisibility {unknown}
 l - a potion of flight {unknown}
 q - a potion of berserk rage {unknown}
 r - a potion of lignification {unknown}
Comestibles
 e - 6 rations {!d}
 p - a chunk of flesh


   Skills:
 + Level 4.1 Fighting
 + Level 3.1 Axes
 + Level 4.2 Armour
 + Level 1.6 Dodging
 + Level 4.2 Shields


You had 3 spell levels left.
You didn't know any spells.
Your spell library was empty.

Dungeon Overview and Level Annotations

Branches:
Dungeon (3/12)

Altars:

Annotations:
D:3 Natasha


Innate Abilities, Weirdness & Mutations

You reflexively headbutt those who attack you in melee.
You have a pair of horns on your head.


Message History

You miss the crimson imp. The crimson imp breathes fire at you.
You block the flame tongue. Natasha claws you but does no damage.
You block the crimson imp's attack. Natasha claws you.
* * * LOW HITPOINT WARNING * * *
You closely miss Natasha.
Natasha is heavily wounded.
Your shield prevents you from hitting the crimson imp.
The crimson imp hits you but does no damage.
Natasha claws you.
* * * LOW HITPOINT WARNING * * *
The crimson imp hits you.
* * * LOW HITPOINT WARNING * * *
The crimson imp blinks!
Natasha casts a spell at you. You resist with some effort.
Your shield and scale mail prevent you from hitting Natasha.
Natasha is heavily wounded.
Natasha claws you!
You die...

### ## ..# #.#. #.#
#.... ####.###.....
####.........♣..
#.<.......♣≈♣≈≈.
#.##.##...5≈≈♣≈.
#.##.##@....≈≈≈≈
#.#####.#...#♣h.♣≈♣≈≈
#.........#....P..♣
#######.#...##..♣...≈≈
#.##.###.## ..P.
#.##.# #.# #.. ..##.#
#.# . ####.# #.# #.#
..#


You could see Natasha and a crimson imp.

Vanquished Creatures
  Natasha (D:3)
  2 worms
  A dart slug (D:1)
  An orc (D:2)
  A giant cockroach (D:1)
  5 goblins
  4 hobgoblins
  A ball python (D:2)
  7 bats
  2 frilled lizards (D:1)
  4 kobolds (D:2)
  5 rats
34 creatures vanquished.

Notes
Turn   | Place    | Note
-------+----------+-------------------------------------------
     0 | D:1      | iceDog the Minotaur Fighter began the quest for the Orb.
     0 | D:1      | Reached XP level 1. HP: 19/19 MP: 0/0
   321 | D:1      | Reached XP level 2. HP: 27/27 MP: 1/1
  1119 | D:2      | Reached skill level 1 in Dodging
  1155 | D:2      | Found a faded altar of an unknown god.
  1231 | D:2      | Reached XP level 3. HP: 33/33 MP: 2/2
  1993 | D:3      | Noticed Natasha
  2007 | D:3      | Killed Natasha
  2008 | D:3      | Reached XP level 4. HP: 15/40 MP: 3/3
  2031 | D:3      | Noticed Natasha
  2042 | D:3      | Slain by Natasha

Skill      XL: |  1  2  3 |
---------------+----------+-----
Dodging        | 1 |  1.6
Armour         | 4 |  4.2
Shields        | 4 |  4.2
Fighting       | 4 |  4.1
Axes           | 3 |  3.1

Action                   |  1- 3 |  4- 6 || total
-------------------------+-------+-------++-------
Melee: War axe           |    92 |    10 ||   102
       Headbutt          |    13 |       ||    13
  Eat: Chunk             |     6 |     1 ||     7
Armor: Scale mail        |    40 |     4 ||    44
Dodge: Dodged            |    27 |     3 ||    30
Block: Medium shield     |    47 |     8 ||    55
